 Dungeon Crawl Stone Soup version 0.31-a0-544-gceb718ecc6 (webtiles) character file.

Game seed: 7517586939170395764

384 Shayle the Trooper (level 6, -13/66 HPs)
             Began as an Ogre Shapeshifter on Aug 15, 2023.
             Mangled by a kobold
             ... wielding a +2 dagger of electrocution
              (15 damage)
             ... on level 5 of the Dungeon.
             The game lasted 00:12:50 (3906 turns).

Shayle the Trooper (Ogre Shapeshifter)              Turns: 3906, Time: 00:12:57

Health: -13/66     AC:  3    Str: 22    XL:     6   Next: 77%
Magic:  0/11       EV:  9    Int: 13    God:
Gold:   211        SH:  0    Dex:  9    Spells: 12/12 levels left

rFire   . . .        q - +0 quarterstaff of the Blowfly {holy, Str+2 Int+2}
rCold   . . .        (shield currently unavailable)
rNeg    . . .        a - +0 animal skin
rPois   .            (helmet currently unavailable)
rElec   .            (cloak currently unavailable)
rCorr   .            (gloves unavailable)
SInv    .            (boots unavailable)
Will    .....        f - amulet of guardian spirit
Stlth   +            (no ring)
HPRegen 0.31/turn    (no ring)
MPRegen 0.12/turn

%: guardian spirit
@: brilliant, beast-form
A: beast (slay +2), large, unfitting armour, tough skin 1
a: Begin Untransformation


You were on level 5 of the Dungeon.
You were a hulking beast.
You visited 1 branch of the dungeon, and saw 6 of its levels.

You collected 211 gold pieces.

Inventory:

Hand Weapons
 l - a +2 dagger of flaming
 q - the +0 quarterstaff of the Blowfly (weapon) {holy, Str+2 Int+2}
   (You found it on level 2 of the Dungeon)

   Str+2:     It affects your strength (+2).
   Int+2:     It affects your intelligence (+2).
Armour
 a - a +0 animal skin (worn)
 g - an orb of guile
 k - a +2 cloak
Jewellery
 f - an amulet of guardian spirit (around neck)
Talismans
 c - a beast talisman (active)
 d - a flux talisman
 u - a maw talisman
Wands
 w - a wand of paralysis (4)
Scrolls
 e - 3 scrolls of teleportation
Potions
 b - 3 potions of lignification
 h - 2 potions of might
 i - a potion of mutation
 j - 2 potions of brilliance
 m - a potion of berserk rage {unknown}
 n - a potion of haste {unknown}
 s - a potion of enlightenment {unknown}


   Skills:
 + Level 5.2 Fighting
 - Level 1.7 Dodging
 + Level 4.4 Unarmed Combat
 + Level 3.9 Spellcasting
 - Level 3.0 Shapeshifting


You had 12 spell levels left.
You didn't know any spells.
Your spell library contained the following spells:

 Spells                   Type           Power      Damage    Failure   Level
 Wereblood                Tmut           3%         N/A       32%         2
 Tukima's Dance           Hex            3%         N/A       54%         3
 Passage of Golubria      Tloc           3%         N/A       91%         4
 Irradiate                Conj/Tmut      1%         3d12      99%         5
 Yara's Violent Unravell  Hex/Tmut       1%         3d3       99%         5


Dungeon Overview and Level Annotations

Branches:
Dungeon (6/15)             Temple (0/1) D:5

Altars:

Shops:
D:1 :


Innate Abilities, Weirdness & Mutations

You are a hulking beast.
Your limbs bulge with bestial killing power. (Slay +2)
You are too large for most types of armour.
You have tough skin. (AC +1)


Message History

You hit the kobold demonologist.
The kobold demonologist is severely wounded.
The kobold demonologist closely misses you.
The kobold barely misses you.
The kobold hits you with a +2 dagger of electrocution.
The kobold hits you but does no damage.
The kobold demonologist hits you but does no damage.
You hit the kobold demonologist but do no damage.
The kobold demonologist is severely wounded.
The kobold barely misses you.
The kobold hits you with a +2 dagger of electrocution.
The kobold barely misses you.
The kobold demonologist closely misses you.
Unknown command.
You hit the kobold demonologist.
The kobold demonologist is almost dead.
The kobold hits you with a +0 short sword.
The kobold hits you with a +2 dagger of electrocution.
The kobold hits you but does no damage.
The kobold demonologist hits you with a +0 dagger.
The kobold misses you.
You hit the kobold demonologist.
The kobold demonologist is almost dead.
The kobold hits you with a +2 dagger of electrocution.
* * * LOW HITPOINT WARNING * * *
You are electrocuted!
* * * LOW HITPOINT WARNING * * *
The kobold closely misses you.
The kobold demonologist hits you with a +0 dagger.
* * * LOW HITPOINT WARNING * * *
The kobold barely misses you. The kobold closely misses you. x2
The kobold demonologist barely misses you.
It was a potion of brilliance.
You feel clever all of a sudden.
The kobold hits you with a +0 short sword.
* * * LOW HITPOINT WARNING * * *
The kobold hits you with a +2 dagger of electrocution.
* * * LOW HITPOINT WARNING * * *
You are electrocuted!
You die...

#...†###♣P~~.######.###
#...?...~P~P.....).....
###'####♣~~P.######.###
#.....####.## #<# #
#.....## #.# ### #
#......###.#
#######......#...#
#.......####...### ..
...###....Kh.### #.
#..###....KKK# #.
#....#..###### #.
#.##.#..# #. #.##.#.##
#.##.##...# #..#.....##
###.>.....##
...o...##.#


You could see a kobold demonologist and 3 kobolds.

Vanquished Creatures
  A scorpion (D:4)
  A howler monkey (D:4)
  An orc priest (D:3)
  A hound (D:5)
  A jelly (D:5)
  An iguana (D:5)
  Ijyb (D:3)
  A gnoll (D:1)
  4 adders
  An ufetubus (D:5)
  3 worms
  2 dart slugs
  7 orcs
  7 endoplasms
  8 goblins
  4 hobgoblins
  8 jackals (D:1)
  3 quokkas
  3 ball pythons
  9 bats
  3 frilled lizards
  10 kobolds
  A rat (D:2)
81 creatures vanquished.

Notes
Turn   | Place    | Note
-------+----------+-------------------------------------------
     0 | D:1      | Shayle the Ogre Shapeshifter began the quest for the Orb.
     0 | D:1      | Reached XP level 1. HP: 19/19 MP: 1/1
    61 | D:1      | Reached skill level 2 in Fighting
    61 | D:1      | Reached XP level 2. HP: 27/28 MP: 3/3
    64 | D:1      | Reached skill level 1 in Spellcasting
   192 | D:1      | Found Lofytuidd's Vocational Training.
   310 | D:1      | Reached XP level 3. HP: 23/36 MP: 2/5
   867 | D:2      | Reached skill level 3 in Fighting
   944 | D:2      | Reached XP level 4. HP: 31/45 MP: 4/7
  1234 | D:2      | Identified the +0 quarterstaff of the Blowfly {holy, Str+2
                  | Int+2}
  2137 | D:3      | Noticed Ijyb
  2281 | D:4      | Reached skill level 4 in Fighting
  2281 | D:4      | Reached XP level 5. HP: 43/54 MP: 5/9
  2721 | D:3      | Reached XP level 6. HP: 48/63 MP: 7/10
  2856 | D:3      | Paralysed by Ijyb for 4 turns
  2864 | D:3      | Killed Ijyb
  3508 | D:5      | Entered Level 5 of the Dungeon
  3563 | D:5      | Found a staircase to the Ecumenical Temple.
  3579 | D:5      | Reached skill level 5 in Fighting
  3677 | D:5      | Noticed a kobold demonologist
  3906 | D:5      | HP: 2/66 [kobold/+2 dagger of electrocution (2)]
  3906 | D:5      | Mangled by a kobold

Illustrated notes

Levels and vault maps discovered:
D:1:      scummos_arrival_simple_crosswalls, layout_basic,
          nicolae_shop_vocational
D:2:      layout_loops_ring, minmay_quantized
D:3:      layout_rooms, uniq_ijyb
D:4:      layout_basic, hangedman_decor_peaks_small, minmay_unequal
D:5:      layout_basic, mainiacjoe_overflow_six_doors_small,
          minmay_temple_entry_overgrown, serial_bayou, serial_bayou_crossing,
          serial_bayou_shore_a, serial_bayou_shore_b, serial_bayou_pond_e,
          minivault_4
D:6:      layout_cave_pools, mainiacjoe_overflow_catwalk,
          nicolae_dithmenos_the_darkroom, grunt_temple_overflow_open,
          nicolae_shop_fire_sale [nicolae_sub_dead_trees]

Skill      XL: |  1  2  3  4  5  6 |
---------------+-------------------+-----
Fighting       | 2 3 4 5 |  5.2
Spellcasting   | 1 2 3 |  3.9
Unarmed Combat | 3 4 |  4.4
Dodging        | |  1.7
Shapeshifting  | |  3.0

Action                     |  1- 3 |  4- 6 || total
---------------------------+-------+-------++-------
  Melee: Unarmed           |    85 |       ||    85
         Punch             |     3 |     3 ||     6
         Dagger            |       |   114 ||   114
         Quarterstaff      |       |    81 ||    81
    Use: Scroll            |     1 |     8 ||     9
         Potion            |       |     1 ||     1
   Stab: Sleeping          |       |     1 ||     1
 Armour: Animal skin       |    23 |    66 ||    89
  Dodge: Dodged            |    44 |   119 ||   163

Table legend: (Time is in decaauts)
 A = Elapsed time spent in this place.
 B = Non-inter-level travel time spent in this place.
 C = Inter-level travel time spent in this place.
 D = Time resting spent in this place.
 E = Time spent auto-exploring this place.
 F = Levels seen in this place.
 G = Mean time per level.
                   A        B        C        D        E       F      G
               +--------+--------+--------+--------+--------+-----+--------+
         Total |   3926 |   3790 |    136 |    681 |   2128 |   6 |  654.3 |
       Dungeon |   3926 |   3790 |    136 |    681 |   2128 |   6 |  654.3 |
               +--------+--------+--------+--------+--------+-----+--------+

Top non-repeatable levels by time:
     D:2: 1166 daAuts
     D:1: 859 daAuts
     D:3: 806 daAuts
     D:4: 687 daAuts
     D:5: 393 daAuts
     D:6: 13 daAuts
